Map: 世界主宰-天梯版

Players

llllllllllll (Coffee)

  • Race: Terran Terran
  • League: Master

iGXY (XY) - Winner!

  • Race: Terran Terran

Event: DreamHack SC2 Masters 2021 Winter

VOD

Have the link to the VOD?

Description

Time

  • Played on: Oct. 9, 2021, 7:26 a.m.
  • Length: 23:38

All games in this series

Show
View Real Time Build Order
Export as new Build Order

llllllllllll Terran 

Build Orders: Reaper Expand 

Get SALT Encoding   

  12  0:00  SCV  
  13  0:12  SCV  
  14  0:17  Supply Depot  
  14  0:25  SCV  
  15  0:38  SCV  
  15  0:40  Barracks  
  16  0:43  Refinery  
  16  0:50  SCV  
  17  1:03  SCV  
  18  1:15  SCV  
  19  1:27  Reaper, Orbital Command  
  20  1:42  Command Center  
  20  1:53  Supply Depot, SCV  
  21  1:59  Marine  
  22  2:05  SCV  
  23  2:09  Factory  
  23  2:16  Refinery  
  23  2:17  SCV  
  23  2:21  Barracks Reactor  
  24  2:26  Bunker  
  24  2:29  SCV  
  25  2:42  SCV  
  26  2:53  Hellion  
  26  2:54  Starport, SCV  
  29  2:59  Orbital Command  
  29  3:04  Marine x2  
  31  3:08  SCV  
  32  3:16  Factory Tech Lab  
  32  3:21  SCV  
  32  3:22  Marine x2  
  32  3:24  SCV  
  36  3:33  SCV  
  37  3:36  SCV  
  37  3:38  Supply Depot  
  37  3:39  Raven  
  37  3:40  Factory Tech Lab, Marine x2  
  42  3:45  SCV  
  43  3:49  SCV  
  44  3:57  SCV  
  44  3:58  Marine  
  44  4:00  Marine  
  44  4:01  SCV  
  51  4:06  Supply Depot  
  51  4:10  SCV  
  51  4:13  SCV, Siege Tank  
  53  4:24  Command Center  
  54  4:28  SCV x2  
  54  4:32  Starport Reactor  
  54  4:33  Barracks  
  54  4:34  Barracks  
  54  4:38  Supply Depot  
  54  4:39  Marine  
  54  4:41  SCV x2  
  57  4:46  Refinery  
  57  4:48  Refinery  
  57  4:50  Siege Tank  
  60  4:55  Supply Depot, SCV x2  
  60  4:59  Marine  
  61  5:08  SCV x2, Engineering Bay x2  
  61  5:10  Stimpack  
  63  5:19  Starport Reactor  
  63  5:20  SCV x2  
  65  5:22  Siege Tank  
  65  5:27  Marine x5  
  73  5:32  SCV x2  
  73  5:33  Supply Depot  
  75  5:38  Orbital Command  
  75  5:43  Terran Infantry Weapons Level 1, Terran Infantry Armor Level 1  
  75  5:47  Marine x3  
  75  5:49  Marine x2  
  80  5:57  SCV x2, Medivac  
  80  5:58  Medivac  
  86  6:05  Orbital Command  
  86  6:08  Marine x5  
  90  6:13  SCV  
  90  6:14  SCV  
  90  6:17  Siege Tank  
  95  6:21  Supply Depot  
  95  6:22  Supply Depot  
  95  6:25  SCV  
  95  6:26  SCV  
  95  6:30  SCV  
  97  6:35  Marine  
  97  6:36  Marine x3  
  101  6:40  Supply Depot  
  101  6:42  Supply Depot, Medivac x2, SCV x2, Marine  
  108  6:50  Combat Shield  
  108  6:51  Barracks  
  108  6:53  Barracks  
  108  6:55  SCV x2  
  108  6:56  SCV  
  111  7:04  Marine x4  
  111  7:05  Siege Tank, Marine  
  111  7:07  SCV  
  111  7:08  SCV  
  121  7:09  SCV  
  121  7:10  Supply Depot  
  121  7:14  Medivac x2  
  126  7:20  Refinery x2  
  125  7:24  SCV  
  125  7:25  SCV, Marine x4  
  125  7:26  Marine  
  125  7:29  Armory  
  132  7:36  SCV  
  132  7:37  SCV x2  
  135  7:40  Siege Tank  
  135  7:41  Barracks Reactor  
  135  7:42  Barracks Reactor, Marine  
  135  7:43  Marine  
  140  7:48  SCV  
  140  7:50  Supply Depot, Sensor Tower  
  140  7:51  Supply Depot  
  141  8:00  Supply Depot  
  141  8:01  Missile Turret  
  141  8:11  SCV, Viking x2  
  146  8:15  Siege Tank  
  146  8:17  Factory  
  148  8:20  Terran Infantry Weapons Level 2, Command Center  
  148  8:23  Barracks Reactor  
  148  8:35  Marine x3  
  148  8:36  Marine x5  
  156  8:49  Terran Infantry Armor Level 2  
  156  8:50  Terran Vehicle Weapons Level 1  
  156  8:52  Supply Depot x2  
  156  8:53  Supply Depot x2, Marine x4  
  156  8:54  Marine x4  
  164  8:57  Missile Turret  
  164  9:12  Sensor Tower  
  164  9:14  Siege Tank x2  
  164  9:16  Marine  
  164  9:17  Viking x2, Marine x3  
  171  9:21  Supply Depot  
  178  9:27  Marine  
  179  9:33  Refinery, Planetary Fortress  
  179  9:35  Refinery  
  138  9:53  Marine x3  
  138  9:56  Siege Tank x2  
  138  9:57  Viking x2, Marine  
  138  9:58  Marine x6  
  141  10:09  Starport x2  
  141  10:10  Marine  
  141  10:11  SCV x2, Marine x2  
  146  10:15  Marine  
  146  10:16  Marine  
  148  10:21  Marine  
  148  10:22  Marine x4  
  152  10:28  Marine x3  
  152  10:33  Marine x2  
  152  10:35  Siege Tank x2  
  163  10:36  Supply Depot, SCV  
  163  10:38  Missile Turret  
  163  10:39  Marine x2  
  166  10:45  Marine x3  
  166  10:46  Starport Tech Lab, Marine x3  
  166  10:47  Starport Tech Lab  
  172  10:50  Viking  
  172  10:52  Viking  
  174  10:59  Terran Infantry Weapons Level 3  
  174  11:05  Terran Infantry Armor Level 3  
  174  11:16  Corvid Reactor  
  171  11:23  Siege Tank x2, Raven x2  
  181  11:30  Marine x7  
  181  11:31  Marine x3  
  191  11:49  Command Center  
  191  11:52  Viking x2  
  195  11:54  Terran Ship Weapons Level 1  
  195  11:57  Armory  
  195  12:00  Siege Tank  
  198  12:23  Raven  
  198  12:28  Command Center  
  198  12:29  Command Center  
  200  12:44  Starport  
  200  12:46  Starport  
  200  12:47  Starport  
  184  13:01  Raven  
  184  13:03  Siege Tank x2  
  180  13:06  Planetary Fortress, Raven  
  180  13:19  Viking  
  179  13:35  Siege Tank x2, Starport Tech Lab x3  
  182  13:44  Raven  
  173  13:49  Raven  
  175  13:55  SCV  
  175  13:56  SCV  
  175  14:00  Orbital Command x2  
  177  14:04  Raven  
  177  14:05  Reaper  
  174  14:19  Refinery, Command Center  
  174  14:20  Refinery  
  174  14:21  Command Center  
  174  14:27  Raven  
  174  14:30  Command Center  
  174  14:31  Refinery, Raven x2  
  176  14:32  Sensor Tower, Raven  
  176  14:33  Refinery  
  181  14:43  Medivac x2  
  184  14:58  Command Center  
  182  15:02  Raven  
  182  15:03  Siege Tank  
  187  15:08  Siege Tank  
  187  15:10  Raven  
  184  15:49  Refinery, Raven x4  
  190  15:51  Refinery  
  190  15:52  Raven  
  194  15:57  Supply Depot, Sensor Tower  
  194  15:58  Missile Turret, Command Center  
  194  16:02  Neosteel Armor  
  194  16:06  Command Center  
  194  16:07  Command Center  
  194  16:11  Planetary Fortress  
  194  16:19  Viking x2  
  198  16:32  Viking  
  194  17:05  Viking  
  194  17:06  Viking x6  
  193  17:21  Orbital Command x2  
  193  17:31  Command Center  
  193  17:35  Viking  
  193  17:36  Viking x2  
  170  17:51  Marine x4  
  150  17:52  Siege Tank x2, Viking x2  
  160  17:59  Raven  
  160  18:02  Marine  
  160  18:03  Marine  
  123  18:20  Viking x2  
  123  18:22  SCV x3  
  123  18:23  Marine x2  
  123  18:26  Smart Servos  
  132  18:34  Siege Tank  
  132  18:35  Siege Tank, Raven x2  
  132  18:36  Raven, Marine  
  132  18:37  Marine x7  
  132  18:41  Marine  
  152  18:44  Planetary Fortress  
  152  18:48  Raven x2  
  155  18:50  Planetary Fortress  
  155  18:53  Marine  
  155  18:54  Marine x3  
  155  18:55  Liberator x2  
  167  19:04  Command Center  
  167  19:05  Orbital Command  
  167  19:07  Command Center  
  167  19:12  Siege Tank  
  167  19:14  Terran Ship Weapons Level 2  
  170  19:18  Raven x3  
  170  19:19  Terran Vehicle And Ship Armor Level 1  
  176  19:34  Refinery x2  
  176  19:35  Raven x2  
  176  19:36  SCV x3  
  182  19:51  Marine x2  
  182  19:52  Marine x4  
  188  19:53  Siege Tank x2  
  194  20:01  Raven  
  167  20:12  Marine  
  134  20:15  Marine x2  
  134  20:16  Marine x5  
  134  20:17  Raven x2  
  134  20:18  Raven, Viking x2  
  138  20:26  Marine x2  
  138  20:27  Siege Tank x2, Viking  
  148  20:30  SCV x4  
  148  20:33  Orbital Command  
  148  20:34  Orbital Command  
  152  20:43  Marine x6  
  152  20:44  Viking, Marine  
  161  20:53  Marine x3  
  164  21:01  Marine x7  
  164  21:03  Orbital Command  
  150  21:14  Orbital Command  
  127  21:19  Marine x2  
  127  21:20  Marine x5  
  127  21:21  Marine x2  
  132  21:29  Marine  
  132  21:31  Raven x4  
  132  21:32  Raven  
  133  21:35  SCV x2  
  133  21:36  SCV  
  133  21:37  Marine x4  
  133  21:38  Marine  
  141  21:46  SCV, Marine x3  
  145  21:51  Marine x2  
  145  21:53  Siege Tank x2  
  152  21:54  Medivac x2, Marine  
  152  21:56  SCV x4  
  160  22:03  Marine  
  160  22:04  Marine x3  
  164  22:14  Raven x3  
  168  22:16  Marine x3  
  168  22:18  SCV  
  168  22:19  SCV  
  156  22:31  Marine x3  
  156  22:32  Marine x2  
  156  22:33  Marine x2  
  121  22:37  Marine x2  
  121  22:38  Marine  
  121  22:39  Siege Tank  
  115  22:45  Hellbat  
  115  22:48  Marine  
  115  22:49  Viking x2, Marine x2  
  115  22:50  Raven x2, Marine x4  
  122  22:51  SCV x2  
  122  22:52  SCV  
  122  22:54  Marine  
  122  22:55  Marine  
  122  22:56  Marine  
  124  23:06  Marine  
  124  23:07  Marine x2  
  124  23:08  Marine x2  
  124  23:10  SCV x2  
  137  23:13  Marine x2  
Show
View Real Time Build Order
Export as new Build Order

iGXY Terran - Winner!

Build Orders:  

Get SALT Encoding   

  12  0:00  SCV  
  13  0:12  SCV  
  14  0:17  Supply Depot  
  14  0:24  SCV  
  15  0:38  SCV  
  15  0:40  Barracks  
  16  0:43  Refinery  
  16  0:50  SCV  
  16  0:52  Refinery  
  17  1:02  SCV  
  18  1:15  SCV  
  19  1:27  Reaper, Orbital Command  
  19  1:28  Supply Depot  
  20  1:42  Factory  
  20  1:52  SCV  
  21  1:59  Reaper  
  22  2:04  SCV  
  23  2:17  SCV  
  23  2:22  Command Center  
  24  2:27  Hellion  
  24  2:29  SCV  
  27  2:32  Barracks Reactor  
  27  2:37  Supply Depot  
  27  2:41  SCV  
  28  2:49  Factory Tech Lab  
  28  2:53  SCV  
  28  2:56  Starport  
  29  3:05  SCV  
  29  3:07  Cyclone  
  29  3:09  Marine  
  29  3:11  Marine  
  35  3:17  Refinery  
  35  3:19  SCV  
  36  3:27  Marine  
  36  3:29  Marine  
  36  3:31  SCV  
  36  3:32  Starport Tech Lab  
  39  3:36  Orbital Command  
  39  3:43  SCV  
  39  3:44  Widow Mine  
  42  3:51  Raven  
  42  3:55  SCV  
  45  3:57  Supply Depot  
  45  4:02  Marine x2  
  46  4:09  Siege Tank  
  48  4:12  SCV  
  48  4:15  SCV  
  50  4:24  SCV  
  50  4:27  Supply Depot, SCV  
  52  4:34  Raven  
  52  4:37  SCV  
  55  4:39  SCV  
  55  4:41  Siege Tank  
  55  4:44  Marine x2  
  61  4:49  SCV  
  61  4:50  Supply Depot  
  61  4:51  SCV  
  63  5:01  SCV  
  63  5:03  SCV  
  63  5:04  Marine x2  
  67  5:12  Supply Depot  
  67  5:13  SCV, Siege Tank  
  71  5:16  SCV  
  71  5:17  Raven  
  74  5:24  Marine x2  
  74  5:25  SCV  
  74  5:28  SCV  
  78  5:34  Command Center  
  78  5:39  SCV  
  78  5:41  SCV  
  78  5:42  Marine x2  
  82  5:44  Refinery  
  82  5:45  Siege Tank  
  82  5:47  Supply Depot  
  85  5:51  SCV  
  85  5:56  Supply Depot  
  86  6:00  Supply Depot  
  86  6:04  Barracks  
  86  6:06  Barracks  
  86  6:09  SCV x2  
  88  6:14  Stimpack, Marine  
  88  6:17  Siege Tank  
  92  6:21  SCV x2  
  92  6:23  Supply Depot  
  94  6:30  Viking  
  94  6:31  Viking  
  98  6:33  SCV x2  
  100  6:43  Marine  
  100  6:45  SCV  
  100  6:46  SCV  
  103  6:47  Engineering Bay  
  103  6:51  Engineering Bay  
  103  6:54  Orbital Command  
  103  6:56  Barracks Reactor  
  103  6:57  Barracks Reactor  
  103  6:58  SCV  
  107  7:01  Siege Tank  
  107  7:05  SCV  
  107  7:08  Viking  
  110  7:14  Viking  
  110  7:15  SCV  
  113  7:22  Terran Infantry Weapons Level 1, Terran Infantry Armor Level 1  
  113  7:23  SCV  
  113  7:24  SCV  
  113  7:27  SCV  
  116  7:36  Siege Tank  
  119  7:38  SCV  
  119  7:41  Refinery  
  119  7:42  Sensor Tower  
  119  7:43  Refinery  
  120  7:45  Barracks  
  120  7:46  SCV x2  
  120  7:48  Barracks  
  120  7:50  SCV  
  123  7:55  Combat Shield  
  123  7:58  SCV x2  
  125  8:02  Armory  
  125  8:05  SCV  
  126  8:08  Siege Tank  
  126  8:10  SCV, Marine x2  
  132  8:14  Supply Depot  
  132  8:16  SCV  
  132  8:18  Command Center  
  133  8:24  Supply Depot  
  133  8:25  SCV x2  
  132  8:28  SCV  
  132  8:31  Marine  
  134  8:39  Command Center, Marine x3  
  134  8:40  Barracks Reactor  
  134  8:41  Barracks Reactor, Siege Tank  
  139  8:45  Marine  
  140  8:48  Factory  
  140  8:49  Marine  
  140  8:52  Terran Vehicle Weapons Level 1  
  140  8:53  Missile Turret  
  141  8:56  Marine x2  
  141  8:57  Marine  
  144  9:03  Marine  
  144  9:07  Missile Turret, Viking, Marine  
  144  9:08  Viking  
  144  9:09  Missile Turret x3  
  150  9:13  Siege Tank  
  150  9:14  Marine x2  
  150  9:15  Marine  
  156  9:18  Supply Depot x2  
  156  9:23  Marine x2  
  157  9:24  Terran Infantry Weapons Level 2  
  157  9:25  Marine  
  157  9:26  Terran Infantry Armor Level 2  
  157  9:29  Marine  
  158  9:45  Barracks Reactor, Siege Tank  
  152  9:48  Marine x2  
  152  9:50  SCV x2  
  152  9:51  Viking  
  152  9:52  Viking  
  138  10:01  Marine x4  
  142  10:08  Starport  
  142  10:09  Starport, SCV x2  
  142  10:10  SCV  
  142  10:11  Marine  
  142  10:12  Marine  
  147  10:15  Sensor Tower  
  147  10:17  Siege Tank  
  147  10:19  Siege Tank  
  153  10:23  SCV x3  
  153  10:27  Refinery  
  156  10:29  Command Center  
  156  10:35  SCV x2  
  158  10:36  Missile Turret, Viking x2  
  158  10:37  Refinery  
  162  10:43  Planetary Fortress  
  162  10:46  Starport Tech Lab x2  
  162  11:05  Corvid Reactor  
  162  11:06  Medivac  
  162  11:10  Medivac  
  166  11:13  Medivac  
  166  11:18  Medivac  
  170  11:29  Command Center  
  170  11:30  Command Center  
  168  11:40  Command Center  
  168  11:42  Orbital Command  
  168  11:43  Missile Turret  
  168  11:45  Missile Turret  
  168  11:46  Missile Turret  
  168  11:47  Terran Infantry Weapons Level 3  
  168  11:49  Terran Infantry Armor Level 3  
  168  11:50  Raven  
  168  11:54  Raven  
  168  11:59  Viking  
  168  12:01  Marine x2  
  170  12:17  Siege Tank x2  
  170  12:20  Marine x2  
  177  12:28  Terran Vehicle Weapons Level 2  
  177  12:32  Supply Depot  
  177  12:33  Raven  
  177  12:35  Command Center  
  179  12:38  Raven  
  179  12:39  Marine  
  179  12:40  Marine  
  179  12:42  Marine x2  
  179  12:43  Orbital Command  
  185  12:50  Command Center, Viking x2  
  189  12:54  Marine x4  
  189  12:55  Marine x2  
  189  12:57  Marine  
  191  13:05  Orbital Command  
  190  13:16  Raven  
  192  13:20  Raven, Viking  
  192  13:21  Missile Turret x3  
  192  13:25  Marine  
  197  13:30  Marine  
  194  13:43  Siege Tank  
  194  13:44  Marine  
  177  13:48  Viking  
  177  13:50  Viking  
  177  13:51  Siege Tank  
  184  13:55  Marine x2  
  184  13:59  Raven  
  184  14:00  Command Center  
  183  14:03  Raven  
  183  14:05  Marine x2  
  183  14:06  Marine x3  
  190  14:18  Viking  
  190  14:20  Sensor Tower, Viking  
  190  14:22  Missile Turret  
  190  14:23  Missile Turret  
  194  14:24  Missile Turret  
  194  14:27  Armory  
  194  14:29  Missile Turret  
  194  14:30  Missile Turret  
  194  14:32  Refinery  
  194  14:33  Missile Turret  
  194  14:34  Refinery  
  194  14:42  Raven  
  194  14:44  Terran Ship Weapons Level 1  
  196  14:46  Raven  
  196  14:47  Hi-Sec Auto Tracking, Neosteel Armor  
  196  14:51  Planetary Fortress  
  198  14:55  Orbital Command  
  198  15:00  Command Center  
  198  15:01  Smart Servos  
  198  15:10  Viking  
  200  15:19  Missile Turret x2  
  200  15:20  Missile Turret  
  200  15:33  Command Center  
  200  15:40  Raven x2  
  200  15:42  Viking x2  
  187  15:49  Orbital Command  
  179  15:53  Terran Vehicle And Ship Armor Level 1  
  179  15:58  Missile Turret  
  179  16:00  Sensor Tower  
  179  16:01  Missile Turret  
  179  16:07  Siege Tank  
  179  16:10  Siege Tank  
  185  16:12  Viking x2  
  185  16:16  Command Center  
  189  16:23  Raven x2  
  189  16:25  Orbital Command  
  193  16:39  Siege Tank  
  195  16:42  Siege Tank  
  198  16:49  Fusion Core  
  198  16:58  Starport  
  198  17:00  Starport  
  185  17:02  Starport  
  185  17:05  Marine x3  
  185  17:06  Raven x2  
  185  17:08  Marine x7  
  184  17:11  Siege Tank  
  184  17:14  Siege Tank  
  191  17:17  Planetary Fortress  
  191  17:18  Command Center  
  191  17:23  Marine x3  
  189  17:43  Viking  
  189  17:44  Siege Tank  
  181  17:46  Viking  
  167  17:52  Siege Tank, Marine x2  
  167  17:53  Marine x5  
  167  17:54  Marine x3  
  161  18:10  Marine x4  
  161  18:11  Marine  
  144  18:16  Siege Tank  
  142  18:23  Viking x3  
  142  18:24  Siege Tank, Orbital Command  
  142  18:25  Command Center  
  151  18:28  Marine  
  152  18:36  Marine  
  152  18:40  Raven  
  155  18:44  Missile Turret  
  155  18:47  Refinery  
  155  18:48  Siege Tank  
  158  18:50  Refinery  
  158  18:51  Missile Turret  
  158  18:53  Starport Tech Lab x3  
  158  18:56  Missile Turret  
  158  19:00  Command Center  
  158  19:01  Raven  
  160  19:03  Command Center  
  160  19:04  Viking x2  
  164  19:14  Sensor Tower  
  164  19:22  Viking x2  
  168  19:26  Planetary Fortress  
  168  19:27  Missile Turret  
  168  19:32  Marine x7  
  168  19:38  Raven  
  175  19:40  Missile Turret x2  
  177  19:47  Raven, Viking  
  181  19:53  Marine x2  
  183  20:05  Marine x6  
  183  20:06  Siege Tank, Marine x2  
  173  20:10  Marine  
  173  20:11  Marine  
  173  20:12  Siege Tank  
  149  20:23  Marine x8  
  157  20:28  Marine x2  
  157  20:29  Viking x3  
  157  20:31  Viking  
  167  20:36  Missile Turret  
  167  20:38  Siege Tank, Raven  
  167  20:41  Marine x8  
  180  20:42  Orbital Command  
  180  20:44  Siege Tank  
  180  20:46  Marine  
  184  20:59  Raven  
  185  21:08  Marine  
  185  21:11  Siege Tank, Marine x2  
  162  21:16  Siege Tank, Marine x5  
  162  21:18  Marine x2  
  131  21:21  Viking x2  
  134  21:25  Viking x2  
  134  21:26  Marine  
  134  21:28  Marine  
  134  21:31  Marine  
  138  21:34  Marine x2  
  138  21:37  Viking x2  
  144  21:42  Viking  
  144  21:43  Siege Tank  
  149  21:48  Siege Tank, Marine x3  
  149  21:51  Viking  
  157  21:55  Raven x2  
  161  22:03  Marine  
  161  22:07  Raven x2  
  166  22:15  Raven  
  165  22:16  Viking, Marine  
  165  22:17  Marine x3  
  165  22:18  Marine x5  
  165  22:20  Siege Tank  
  165  22:21  Marine  
  180  22:28  Siege Tank  
  173  22:34  Marine  
  173  22:35  Marine x5  
  173  22:36  Marine x3  
  156  22:39  Marine  
  148  22:52  Siege Tank, Marine  
  148  22:53  Marine x5  
  148  22:54  Marine  
  158  22:58  Marine x3  
  158  23:00  Siege Tank  
  164  23:10  Marine  
  164  23:11  Marine x2  
  167  23:17  Marine x2  

Tags
 
Add a new tag
Caveats
  • Supply blocks, unpowered buildings, or Contaminate may cause inaccurate times.
  • Supply counts are checked every 10 seconds.